 Dungeon Crawl Stone Soup version 0.31-a0-175-g9f7f995f2b (webtiles) character file.

Game seed: 15269221358587930435

35 qw the Chopper (level 3, -3/23 HPs)
             Began as a Gargoyle Fighter on June 17, 2023.
             Slain by a hobgoblin (6 damage)
             ... led by Robin
             ... on level 2 of the Dungeon.
             The game lasted 00:00:28 (718 turns).

qw the Chopper (Gargoyle Fighter)                    Turns: 718, Time: 00:00:29

Health: -3/23      AC: 10    Str: 21    XL:     3   Next: 35%
Magic:  3/3        EV:  9    Int:  8    God:
Gold:   92         SH:  4    Dex:  9    Spells: 2/2 levels left

rFire   . . .        Y - +1 war axe
rCold   . . .        c - +0 buckler
rNeg    + . .        b - +0 scale mail
rPois   inf          (no helmet)
rElec   +            (no cloak)
rCorr   .            (no gloves)
SInv    .            (no boots)
Will    .....        (no amulet) Stlth
                     (no ring)
HPRegen 0.23/turn    (no ring)
MPRegen 0.08/turn

%: no passive effects
@: no status effects
A: sickness immunity, AC +3, negative energy resistance 1, electricity
resistance, torment resistance 1, petrification resistance
a: no special abilities


You were on level 2 of the Dungeon.
You visited 1 branch of the dungeon, and saw 2 of its levels.

You collected 92 gold pieces.


Innate Abilities, Weirdness & Mutations

You are immune to sickness and miasma.
Your stone body is resilient. (AC +3)
You are immune to poison.
You resist negative energy. (rN+)
You are resistant to electric shocks. (rElec)
You are resistant to unholy torment.
You are immune to petrification.


   Skills:
 - Level 3.2 Fighting
 + Level 3.3 Axes
 - Level 3.2 Armour
 - Level 3.2 Shields


You had 2 spell levels left.
You didn't know any spells.
Your spell library was empty.

Inventory:

Hand Weapons
 g - a +0 club
 Y - a +1 war axe (weapon)
Armour
 b - a +0 scale mail (worn)
 c - a +0 buckler (worn)
Potions
 d - 2 potions of might

Dungeon Overview and Level Annotations

Branches:
Dungeon (2/15)

Altars:

Annotations:
D:2 Robin


Message History

Robin drinks a potion.
Robin seems to speed up.
Robin roars a battlecry!
The hobgoblins go into a battle-frenzy!
The hobgoblin hits you but does no damage.
You closely miss the hobgoblin. The hobgoblin barely misses you.
You hit the hobgoblin.
You kill the hobgoblin!
You closely miss the hobgoblin. You block the hobgoblin's attack. x2
You hit the hobgoblin.
The hobgoblin is heavily wounded.
The hobgoblin barely misses you.
You barely miss the hobgoblin.
The hobgoblin is heavily wounded.
The hobgoblin hits you.
The hobgoblin hits you but does no damage.
You barely miss the hobgoblin.
The hobgoblin is heavily wounded.
Robin throws the goblin at you! The goblin hits you with a +0 club.
Robin throws the goblin at you! The hobgoblin hits you.
You barely miss the hobgoblin.
The hobgoblin is heavily wounded.
You miss the goblin. You hit the goblin. The goblin completely misses you.
The hobgoblin completely misses you. The goblin hits you with a +0 club.
You barely miss the hobgoblin.
The hobgoblin is heavily wounded.
You closely miss the goblin. You barely miss the goblin.
The goblin barely misses you. The goblin hits you with a +0 club.
The hobgoblin hits you. The hobgoblin barely misses you.
The goblin closely misses you. The goblin hits you with a +0 club.
You completely miss the hobgoblin.
The hobgoblin is heavily wounded.
You hit the goblin.
You kill the goblin!
You closely miss the goblin.
Robin laughs in a distinctly smug fashion.
The goblin hits you with a +0 club. The hobgoblin hits you.
You die...

.......... ..
......... #.#
......... #..#
......... ...##
........#......
........#....#
.......gJ....##
#g# ...##
###.###@###.#....
.......g)...#....
..#..###..<......
.#. #..........
...###..........
.................
$.................
......##..........
.#.#.....#........


You could see Robin (fast), an endoplasm, a hobgoblin (strong) and a goblin
(strong).

Vanquished Creatures
  7 goblins
  8 hobgoblins
  4 jackals (D:1)
  4 kobolds
  A quokka (D:1)
  2 ball pythons (D:1)
  A bat (D:1)
  2 frilled lizards (D:1)
  2 rats
31 creatures vanquished.

Notes
Turn   | Place    | Note
-------+----------+-------------------------------------------
     0 | D:1      | qw the Gargoyle Fighter began the quest for the Orb.
     0 | D:1      | Reached XP level 1. HP: 14/14 MP: 1/1
     0 | D:1      | 0 ||| qw: Version: 0.3-a-2-g5ab2908
     0 | D:1      | 0 ||| qw: Game counter: 184
     0 | D:1      | 0 ||| qw: Always use a shield: true
     0 | D:1      | 0 ||| qw: God list: Okawaru
     0 | D:1      | 0 ||| qw: Allow faded altars: false
     0 | D:1      | 0 ||| qw: Do Orc after D:15 true
     0 | D:1      | 0 ||| qw: Do second Lair branch before Depths: true
     0 | D:1      | 0 ||| qw: Lair rune preference: random
     0 | D:1      | 0 ||| qw: Plans: Normal, Zot:1-4, Slime:5, God:TSO, Crypt,
                  | Tomb, Abyss, Pan, Hells, Win
     0 | D:1      | 0 ||| PLANNING D:1-11
    73 | D:1      | 73 ||| Stepping ~*~*~tactically~*~*~ (stealth).
    74 | D:1      | 74 ||| Stepping ~*~*~tactically~*~*~ (stealth).
   133 | D:1      | Reached XP level 2. HP: 19/19 MP: 2/2
   200 | D:1      | 200 ||| Stepping ~*~*~tactically~*~*~ (stealth).
   201 | D:1      | 201 ||| Stepping ~*~*~tactically~*~*~ (stealth).
   203 | D:1      | 203 ||| Stepping ~*~*~tactically~*~*~ (stealth).
   208 | D:1      | 208 ||| Stepping ~*~*~tactically~*~*~ (hiding).
   210 | D:1      | 210 ||| Stepping ~*~*~tactically~*~*~ (hiding).
   473 | D:1      | Reached skill level 3 in Axes
   596 | D:1      | 596 ||| READING scroll labelled VYEMOY VETHRAOVEUW.
   597 | D:1      | 597 ||| READING scroll labelled PUMETI DIZYOSA.
   598 | D:1      | 598 ||| READING scroll labelled PEUTON CIRU.
   682 | D:2      | Reached XP level 3. HP: 23/23 MP: 3/3
   689 | D:2      | 689 ||| Stepping ~*~*~tactically~*~*~ (stealth).
   704 | D:2      | Noticed Robin
   717 | D:2      | HP: 5/23 [goblin/+0 club[Robin] (2)]
   718 | D:2      | Slain by a hobgoblin

Levels and vault maps discovered:
D:1:      dpeg_arrival_shelter, layout_rooms
D:2:      layout_rooms, kennysheep_crisscross, minmay_circle_x, uniq_robin,
          uniq_crazy_yiuf_cottage

Skill      XL: |  1  2 |
---------------+-------+-----
Axes           | 2 3 |  3.3
Fighting       | |  3.2
Armour         | |  3.2
Shields        | |  3.2

Action                     || total
---------------------------++-------
  Melee: War axe           ||    93
    Use: Scroll            ||     3
 Armour: Scale mail        ||    51
  Dodge: Dodged            ||    43
  Block: Buckler           ||    14

Table legend:
 A = Non-vault XP
 B = Vault XP
 C = Vault XP percentage of total XP
 D = Non-vault monster count
 E = Vault monster count
 F = Vault count percentage of total count
                 A         B        C        D         E       F
            +---------+---------+-------+---------+---------+-------
      Total |      35 |      18 |  34.0 |      22 |       9 |  29.0
            +---------+---------+-------+---------+---------+-------
        D:1 |      31 |       0 |   0.0 |      19 |       0 |   0.0
        D:2 |       4 |      18 |  81.8 |       3 |       9 |  75.0
            +---------+---------+-------+---------+---------+-------
